[Event "*** Titled Tuesday 3|2 Blitz"]
[Site "Chess.com"]
[Date "2016.07.05"]
[Round "3"]
[White "CraiggoryC"]
[Black "armago"]
[Result "1-0"]
[WhiteElo "2083"]
[BlackElo "2245"]
[TimeControl "180+2"]
[EndTime "11:34:01 PDT"]
[Termination "CraiggoryC won by resignation"]

1. e4 c5 2. d4 cxd4 3. Nf3 Nc6 4. Nxd4 Nf6 5. Nc3 e5 6. Ndb5 d6 7. Bg5 a6 8. Na3 b5 9. Bxf6 gxf6 10. Nd5 Bg7 11. Bd3 Ne7 12. Nxe7 Qxe7 13. O-O f5 14. exf5 d5 15. Qh5 Bf6 16. c3 Rg8 17. Rfe1 Bb7 18.
Nc2 Rg5 19. Qh3 O-O-O 20. a4 Rdg8 21. g3 e4 22. axb5 Qc5 23. bxa6 exd3 24. axb7+ Kxb7 25. Ne3 h5 26. b4 Qc6 27. Qg2 Bxc3 28. Rec1 h4 29. Rxc3 Qxc3 30. Qxd5+ Qc6 31. Ra7+ Kxa7 32. Qxc6 hxg3 33. Qc7+ Ka6 34. hxg3 d2 35. Qd6+ Kb5 36. Qxd2 f6 37. Qd4 R5g7 38. Qc5+ Ka4 39. Nd5 Rd8 40.
Qa5+ Kb3 41. Qxd8 1-0

[Event "*** Titled Tuesday 3|2 Blitz"]
[Site "Chess.com"]
[Date "2016.07.05"]
[Round "3"]
[White "eltenedor"]
[Black "Krupko_Alexey"]
[Result "0-1"]
[WhiteElo "2006"]
[BlackElo "2008"]
[TimeControl "180+2"]
[EndTime "11:34:08 PDT"]
[Termination "Krupko_Alexey won by resignation"]

1. c4 e5 2. g3 Nf6 3. Bg2 d5 4. cxd5 Nxd5 5. Nf3 Nc6 6. O-O Nb6 7. d3 Be7 8. b3 O-O 9. Bb2 f6 10. Nbd2 Be6 11. Nc4 Qd7 12. Re1 Rad8 13. Nfd2 Bd5 14. Ne4 Rfe8 15. Ne3 Be6 16. Rc1 Nd4 17. Nc5 Bxc5 18.
Rxc5 c6 19. Rc1 Bh3 20. Bh1 f5 21. Nc2 Nb5 22. Qd2 h6 23. Rcd1 c5 24. a4 Nd6 25. a5 Nbc8 26. Qc3 b6 27. axb6 axb6 28. b4 Nb5 29. Qc4+ Kh7 30. bxc5 bxc5 31. Qxc5 e4 32. Ne3 Nd4 33. dxe4 Nxe2+ 34. Rxe2 Qxd1+ 35. Nxd1 Rxd1+ 0-1

[Event "*** Titled Tuesday 3|2 Blitz"]
[Site "Chess.com"]
[Date "2016.07.05"]
[Round "3"]
[White "Journey_to_GrandMaster_YT"]
[Black "tigra"]
[Result "1-0"]
[WhiteElo "2437"]
[BlackElo "2431"]
[TimeControl "180+2"]
[EndTime "11:34:13 PDT"]
[Termination "Journey_to_GrandMaster_YT won by resignation"]

1. d4 Nf6 2. Nf3 g6 3. g3 Bg7 4. Bg2 O-O 5. O-O d5 6. c3 c6 7.
a4 Bf5 8. a5 Na6 9. Ne5 Nd7 10. f4 Nf6 11. Nd2 Nc7 12. a6 Nxa6 13. Nxc6 Qb6 14. Nxe7+ Kh8 15. Nxd5 Nxd5 16. Bxd5 Bxd4+ 17. Kh1 Bg7 18. Nc4 Qc7 19. Ne3 Bh3 20. Bg2 Rad8 21.
Qc2 Bxg2+ 22. Nxg2 Nb4 23. Qb3 Nc6 24. Be3 b6 25.
Rfd1 Bf6 26. Rxd8 Rxd8 27. Rd1 Re8 28. Rd2 Kg7 29. Bg1 Na5 30. Qb5 Re7 31. Ne3 Qb7+ 32. Qd5 Qc8 33. Qf3 Re6 34. Nd5 Nc4 35. Rc2 Bd8 36.
Bd4+ Kg8 37. f5 Re8 38. fxg6 fxg6 39. Nf6+ Bxf6 40. Qxf6 Qb7+ 41. Kg1 Re7 42. Qh8+ Kf7 43. Qxh7+ Kf8 44. Qh8+ Kf7 45. e4 Qxe4 46. Rf2+ Ke6 47.
Qg8+ Kd7 48. Qxc4 Qb1+ 49. Rf1 Qxb2 50. Qd5+ Ke8 51. Qc6+ Rd7 52. Re1+ Kd8 53. Bf6+ 1-0

[Event "*** Titled Tuesday 3|2 Blitz"]
[Site "Chess.com"]
[Date "2016.07.05"]
[Round "3"]
[White "fireheart92"]
[Black "Zhani-Z"]
[Result "1-0"]
[WhiteElo "1721"]
[BlackElo "2251"]
[TimeControl "180+2"]
[EndTime "11:34:18 PDT"]
[Termination "fireheart92 won by checkmate"]

1. d4 Nf6 2. Nf3 e6 3. Bf4 c5 4. e3 Qb6 5. Na3 d5 6. Nb5 Na6 7. a4 Be7 8. Be2 O-O 9. O-O cxd4 10. exd4 Nh5 11. Be5 f6 12. Bg3 Nxg3 13. hxg3 Nc7 14. Re1 Bd7 15. c4 dxc4 16. Bxc4 Nxb5 17. axb5 Kh8 18.
Qb3 e5 19. dxe5 fxe5 20. Rxe5 Bf6 21. Re3 Rae8 22. Rae1 Rxe3 23. Qxe3 Qxe3 24. Rxe3 Re8 25. Rxe8+ Bxe8 26. b3 g6 27. Kf1 Kg7 28. Ke2 Bd7 29.
Kd3 Bf5+ 30. Ke3 Be7 31. Kd4 Bd8 32. Kd5 Bb6 33. Nd4 Bd7 34. f4 h5 35. Nf3 Kf6 36.
Kd6 Bf5 37. Ne5 Be4 38. Nd7+ Kf5 39. Be6# 1-0

[Event "*** Titled Tuesday 3|2 Blitz"]
[Site "Chess.com"]
[Date "2016.07.05"]
[Round "3"]
[White "alturas_pacificas"]
[Black "stefanodinn"]
[Result "0-1"]
[WhiteElo "2161"]
[BlackElo "2257"]
[TimeControl "180+2"]
[EndTime "11:34:18 PDT"]
[Termination "stefanodinn won by resignation"]

1. d4 d5 2. Bf4 Nf6 3. e3 e6 4. Nd2 Bd6 5. Bg3 b6 6. Ngf3 O-O 7. Bd3 Ba6 8. O-O c5 9. Bxa6 Nxa6 10.
c3 Bxg3 11. hxg3 b5 12. Ne5 Qb6 13. g4 Rfd8 14. Qf3 Qb7 15. g5 Ne4 16. Nxe4 dxe4 17. Qf4 b4 18. g3 Rf8 19. Kg2 f6 20. gxf6 Rxf6 21. Qh4 Raf8 22. Rad1 bxc3 23. bxc3 Qb2 24.
g4 Qe2 25. g5 Rf5 26. g6 hxg6 27. Rde1 Qxa2 28. Nxg6 Re8 29. Qh8+ Kf7 30. Qh7 Rg5+ 31. Kh3 Rxg6 32. Rg1 Rh6+ 33. Qxh6 gxh6 34. Rg2 Rg8 35.
Rh2 Qd5 0-1

[Event "*** Titled Tuesday 3|2 Blitz"]
[Site "Chess.com"]
[Date "2016.07.05"]
[Round "3"]
[White "ftorodent"]
[Black "SavelijTartakover"]
[Result "1-0"]
[WhiteElo "2389"]
[BlackElo "2539"]
[TimeControl "180+2"]
[EndTime "11:34:21 PDT"]
[Termination "ftorodent won by resignation"]

1. d4 Nf6 2. c4 g6 3. Nc3 Bg7 4. e4 O-O 5. Nf3 d6 6. Be2 e5 7.
O-O Nc6 8. d5 Ne7 9. b4 Nh5 10.
Re1 h6 11. Bd2 Nf4 12. Bf1 f5 13. Bxf4 exf4 14. e5 g5 15. Rc1 g4 16. exd6 Qxd6 17. c5 Qf6 18. Ne5 Ng6 19. Nxg6 Qxg6 20. Nb5 Bd7 21.
Nxc7 Rac8 22. Ne6 Bxe6 23. Rxe6 Qg5 24. d6 f3 25. g3 f4 26. Rc4 fxg3 27. hxg3 Rcd8 28.
Qc2 Rf6 29. Rxf6 Bxf6 30. Qe4 h5 31. Qxb7 h4 32. gxh4 Qxh4 33. Qe4 Kh8 34. c6 Rg8 35. c7 Qh5 36. c8=Q Bd8 37. Qcf5 1-0

[Event "*** Titled Tuesday 3|2 Blitz"]
[Site "Chess.com"]
[Date "2016.07.05"]
[Round "3"]
[White "Ksenia_Legenko"]
[Black "Carolina-moon"]
[Result "1-0"]
[WhiteElo "2064"]
[BlackElo "2110"]
[TimeControl "180+2"]
[EndTime "11:34:27 PDT"]
[Termination "Ksenia_Legenko won by resignation"]

1. d4 f5 2. e4 fxe4 3. Nc3 Nf6 4. Bg5 Nc6 5. d5 Ne5 6. Qd4 Nf7 7. Bxf6 exf6 8. Nxe4 f5 9. Nd2 g6 10. O-O-O Be7 11. h4 Bf6 12. Re1+ Kf8 13. Qb4+ d6 14. Ngf3 a5 15. Qa4 Bd7 16. Bb5 c6 17. dxc6 bxc6 18. Bxc6 Bxc6 19. Qxc6 Kg7 20. h5 Qb8 21. h6+ Nxh6 22.
Qd7+ Nf7 23. c3 Ra7 24. Qe6 Rb7 25. Nc4 Qc7 26. Re2 Rc8 27. Ne3 a4 28. Nd5 Qd8 29.
Nxf6 Qxf6 30. Qxc8 Rb5 31. Re8 Nh6 32. Qd7+ Qf7 33.
Re7 a3 34. Rxf7+ Nxf7 35. Qxb5 axb2+ 36. Qxb2 g5 37. c4+ Kg6 38. Qd4 1-0

[Event "*** Titled Tuesday 3|2 Blitz"]
[Site "Chess.com"]
[Date "2016.07.05"]
[Round "3"]
[White "Hieronymus00"]
[Black "simplerXiao"]
[Result "1/2-1/2"]
[WhiteElo "2151"]
[BlackElo "2310"]
[TimeControl "180+2"]
[EndTime "11:34:29 PDT"]
[Termination "Game drawn by repetition"]

1. e4 c5 2. Nf3 e6 3. d4 cxd4 4. Nxd4 Nc6 5. Nc3 a6 6. Nxc6 bxc6 7. Bd3 Nf6 8. O-O d5 9. Re1 Bc5 10. e5 Nd7 11. Qg4 g6 12. Bg5 h5 13. Qf4 Qc7 14. Na4 Ba7 15. c4 d4 16. Rad1 Rb8 17.
b3 c5 18. Nb2 Bb7 19. Be4 O-O 20. Bxb7 Rxb7 21. Nd3 Bb8 22. Bf6 Nxf6 23. Qxf6 Rc8 24.
Re4 Qe7 25. Qf3 a5 26. Nb2 Qg5 27. h4 Qe7 28. Rd3 Rd8 29. Na4 Rb4 30. Qe2 Bc7 31.
Rg3 Kh7 32. Nb2 Rbb8 33. Rg5 a4 34. Rxh5+ Kg7 35. Rg5 axb3 36. axb3 Rxb3 37. Reg4 d3 38. Qd2 Rdb8 39. Nxd3 Rd8 40. Rg3 Qd7 41. Qf4 Rxd3 42.
Qf6+ Kf8 43. Qh8+ Ke7 44. Qf6+ Ke8 45. Qh8+ Ke7 46. Qf6+ Ke8 47. Qh8+ Ke7 48. Qf6+ Ke8 1/2-1/2

[Event "*** Titled Tuesday 3|2 Blitz"]
[Site "Chess.com"]
[Date "2016.07.05"]
[Round "3"]
[White "Usurpov"]
[Black "Alliswell998"]
[Result "1-0"]
[WhiteElo "2338"]
[BlackElo "2164"]
[TimeControl "180+2"]
[EndTime "11:34:34 PDT"]
[Termination "Usurpov won by checkmate"]

1. e4 c5 2. Nf3 d6 3. Bb5+ Nd7 4. d4 cxd4 5. Qxd4 Nf6 6. Nc3 a6 7. Bxd7+ Bxd7 8. Bg5 e5 9. Qd3 Be7 10. Nd2 Be6 11. Nc4 b5 12. Ne3 Nd7 13. Bxe7 Qxe7 14.
Rd1 Nc5 15. Qxd6 Qxd6 16. Rxd6 b4 17. Ncd5 Nxe4 18. Rb6 O-O 19. Rxb4 f5 20. Nc7 Bxa2 21. Nxa8 Rxa8 22. Nxf5 Nc5 23. b3 Bb1 24. Ne3 Bxc2 25. Nxc2 Nd3+ 26. Kd2 Nxb4 27. Nxb4 Rb8 28. Kc3 a5 29. Nd3 e4 30. Nc5 Rc8 31. Kc4 Kf7 32.
Re1 Rd8 33. Nxe4 Ke6 34. Nc3+ Kf5 35. f3 Rd2 36. Re2 Rd7 37. Ne4 Kf4 38. Kb5 Rd3 39.
Ka4 h5 40. Nf2 Rc3 41. Ne4 Rd3 42. Nc5 Rc3 43. Ne6+ Kf5 44. Nxg7+ Kg5 45. Ne6+ Kh4 46. g3+ Kh3 47. Ng5# 1-0

[Event "*** Titled Tuesday 3|2 Blitz"]
[Site "Chess.com"]
[Date "2016.07.05"]
[Round "3"]
[White "Makalexa"]
[Black "annakantane"]
[Result "1-0"]
[WhiteElo "2167"]
[BlackElo "2253"]
[TimeControl "180+2"]
[EndTime "11:34:40 PDT"]
[Termination "Makalexa won by resignation"]

1. e4 d5 2. exd5 Qxd5 3. Nc3 Qd6 4. Nf3 g6 5. d3 Bg7 6. g3 Nc6 7. Bf4 e5 8. Bd2 Bg4 9. Bg2 Nge7 10. h3 Bf5 11. O-O Qd7 12. Re1 Bxh3 13. Bxh3 Qxh3 14. Ng5 Qf5 15. Nge4 h5 16. Kg2 h4 17. g4 Qd7 18.
Bg5 h3+ 19. Kh2 O-O-O 20. Nf6 Qe6 21. Nce4 Nd5 22. Nc5 Qe7 23. Nfe4 f6 24. c4 fxg5 25. cxd5 Rxd5 26. Rc1 Nd4 27. Re3 b6 28. Na6 Rd7 29. Qa4 Qe6 30. f3 Rf8 31. Nxg5 Qe7 32. Ne4 Nxf3+ 33. Rxf3 Rxf3 34. Qc6 Rdxd3 35. Qa8+ Kd7 36.
Rxc7+ Ke6 37. Rxe7+ Kxe7 38. Qb7+ Rd7 39. Qc6 Rf4 40. Qxg6 Bf8 41. Nb8 Rd4 42. Nc6+ 1-0

[Event "*** Titled Tuesday 3|2 Blitz"]
[Site "Chess.com"]
[Date "2016.07.05"]
[Round "3"]
[White "proxy6"]
[Black "Grootneus"]
[Result "0-1"]
[WhiteElo "1901"]
[BlackElo "2056"]
[TimeControl "180+2"]
[EndTime "11:34:48 PDT"]
[Termination "Grootneus won by resignation"]

1. e4 c5 2. Nf3 e6 3. d4 cxd4 4.
Nxd4 a6 5. Nc3 Qc7 6. Be3 Nf6 7. Bd3 Bb4 8. Qd2 Nc6 9. O-O Ne5 10.
a3 Bd6 11. f4 Neg4 12. e5 Nxe3 13. Qxe3 Ng4 14. exd6 Nxe3 15. dxc7 Nxf1 16. Rxf1 d6 17. b4 Bd7 18. Ne4 Ke7 19. f5 e5 20. Nb3 Rac8 21.
Nc3 Bc6 22. Na5 Rxc7 23. Nxc6+ bxc6 24. a4 Rb8 25. Rb1 d5 26. Bxa6 Ra7 27. b5 d4 28.
Ne4 Rxa6 29. Nc5 Raa8 30. b6 Ra5 31. Nd3 f6 32. Rb4 Ra6 33. Kf2 Raxb6 34. Rc4 Kd6 35. a5 Ra6 36. Ra4 Rb5 37. Ra1 Raxa5 38. Rg1 Ra2 39. Ne1 c5 40. g4 c4 41. Ke2 d3+ 42. Kd2 dxc2 43. Nxc2 Rbb2 44. Rc1 Rxc2+ 45.
Rxc2 Rxc2+ 46. Kxc2 Kc5 47. Kc3 e4 48. h4 h6 49. Kd2 Kd4 0-1

[Event "*** Titled Tuesday 3|2 Blitz"]
[Site "Chess.com"]
[Date "2016.07.05"]
[Round "3"]
[White "ilya261991"]
[Black "LaStreetCmaMaison"]
[Result "0-1"]
[WhiteElo "2442"]
[BlackElo "2435"]
[TimeControl "180+2"]
[EndTime "11:34:58 PDT"]
[Termination "LaStreetCmaMaison won on time"]

1. d4 Nf6 2. c4 b6 3. Nc3 Bb7 4. Qc2 d5 5. cxd5 Nxd5 6. e4 Nxc3 7. bxc3 e5 8. Nf3 exd4 9. Bc4 Be7 10. O-O O-O 11.
cxd4 Nd7 12. Bb2 a6 13. a4 Nf6 14. d5 Bc5 15. Rad1 Re8 16. e5 Nxd5 17. Qe4 c6 18.
Qg4 Qe7 19. e6 fxe6 20. Rfe1 Bc8 21. Ne5 Bd7 22. Re2 Rf8 23. g3 Rf5 24. Nxc6 Qf8 25. Nd4 Bxd4 26. Bxd4 Bxa4 27. Rde1 Bd7 28. Bd3 Rf7 29.
Re5 Nf6 30. Qh3 Rd8 31. Rg5 e5 32. Qh4 exd4 33. Ree5 Bb5 34. Bf5 d3 35. Re1 d2 36.
Rd1 Be2 37. Bc2 Bxd1 38. Bxd1 Qe7 39. Qh3 Qe1+ 40. Qf1 Qxf1+ 41. Kxf1 Re7 42. Bb3+ Kf8 43. Rf5 d1=Q+ 0-1

[Event "*** Titled Tuesday 3|2 Blitz"]
[Site "Chess.com"]
[Date "2016.07.05"]
[Round "3"]
[White "kxt100"]
[Black "mortalbovine"]
[Result "0-1"]
[WhiteElo "1987"]
[BlackElo "1697"]
[TimeControl "180+2"]
[EndTime "11:35:05 PDT"]
[Termination "mortalbovine won by checkmate"]

1. d4 d5 2. c4 e5 3. dxe5 d4 4. Nf3 Nc6 5. a3 Nge7 6. b4 Ng6 7. Bb2 Ngxe5 8. Nxe5 Nxe5 9. e3 c5 10. bxc5 Bxc5 11.
exd4 Bb6 12. Be2 Ng6 13. O-O O-O 14. Bf3 Nh4 15. Be4 Bf5 16. Bxf5 Nxf5 17. d5 Rc8 18. Nd2 Qg5 19. Bc3 Nh4 20. g3 Nf5 21. a4 Nxg3 22. hxg3 Qxg3+ 23. Kh1 Qh3+ 24. Kg1 Qg3+ 25. Kh1 Qh3+ 26.
Kg1 Qxc3 27. Ne4 Qe5 28. Qf3 Rxc4 29. Rfe1 Qc7 30. d6 Qd7 31. Qg3 Kh8 32. Kg2 Qc6 33. f3 Rc2+ 34. Kh1 Qd7 35. Ng5 Rc6 36. Qh4 h6 37.
Re7 Qf5 38. Nxf7+ Rxf7 39. Qe4 Qh5+ 40. Kg2 Rxe7 41. dxe7 Rc2+ 42. Kf1 Qh1# 0-1

[Event "*** Titled Tuesday 3|2 Blitz"]
[Site "Chess.com"]
[Date "2016.07.05"]
[Round "3"]
[White "kpio91"]
[Black "olgerts_indricans"]
[Result "1-0"]
[WhiteElo "2548"]
[BlackElo "2345"]
[TimeControl "180+2"]
[EndTime "11:35:10 PDT"]
[Termination "kpio91 won by checkmate"]

1. e4 c5 2. Nf3 e6 3. g3 Nf6 4. Qe2 Nc6 5. Bg2 Be7 6. O-O O-O 7. c3 d6 8. d4 cxd4 9. cxd4 d5 10. e5 Ne4 11. Nbd2 Nxd2 12. Bxd2 Qb6 13. Be3 Bd7 14.
h4 Rac8 15. Rfd1 Na5 16. Ne1 Bb5 17. Qg4 Nc4 18. Bh6 g6 19. Bxf8 Bxf8 20. b3 h5 21. Qf4 Na5 22. Rdc1 Nc6 23. Nf3 Ba3 24. Rc2 Bd3 25.
Rd2 Bf5 26. Kh2 Bb4 27. Rdd1 Bc3 28. Rac1 Bb2 29. Rc5 Ba3 30. Rc3 Qb4 31. Re3 Bb2 32. Bh3 Bc2 33. Rd2 Ne7 34. Ree2 Bc1 35. Qf6 Bxd2 36.
Rxd2 Bf5 37. Ng5 Rf8 38. Rd1 Bxh3 39. Kxh3 Nf5 40. Rc1 Qxd4 41. Rc8 Nh6 42. Rxf8+ Kxf8 43. Qh8+ Ng8 44. Nh7+ Ke7 45. Qxg8 Qg4+ 46. Kh2 Qf3 47. Qf8+ Kd7 48. Nf6+ Kc6 49. Qd6+ Kb5 50. a4+ Ka5 51. Qc5+ Ka6 52. Qb5# 1-0

[Event "*** Titled Tuesday 3|2 Blitz"]
[Site "Chess.com"]
[Date "2016.07.05"]
[Round "3"]
[White "Smirnov_Pavel"]
[Black "wonderfultime"]
[Result "0-1"]
[WhiteElo "2521"]
[BlackElo "2685"]
[TimeControl "180+2"]
[EndTime "11:35:12 PDT"]
[Termination "wonderfultime won by resignation"]

1. d4 d5 2. c4 c6 3. Nf3 Nf6 4. e3 Bf5 5. Nc3 e6 6. Nh4 Be4 7. f3 Bg6 8. Qb3 Qc7 9. Bd2 Be7 10. Nxg6 hxg6 11. cxd5 cxd5 12. O-O-O a6 13. Kb1 Nc6 14. Rc1 Nd7 15. Bd3 Qb6 16. Qd1 Rc8 17. g4 Qd8 18. f4 Nb4 19. Be2 Nb6 20. a3 Nc6 21. Na2 Kf8 22.
Bd3 Nc4 23. Bxc4 dxc4 24. Rxc4 Qd5 25. Qf1 f6 26. Rc1 Kf7 27. Nc3 Qb3 28. Qd1 Na5 29.
Qxb3 Nxb3 30. Rc2 Rh3 31. Ne4 Nxd2+ 32. Rxd2 Rxe3 33. Nc3 Bxa3 34. d5 Bb4 35. dxe6+ Rxe6 36. Rd7+ Re7 37. Rxe7+ Bxe7 38. f5 gxf5 39. gxf5 Rc5 40. Rf1 b5 41. Ne4 Re5 42. Rf4 Rd5 43. Kc2 Bd6 44. Rf3 Be5 45. Ra3 Bxh2 46. Rxa6 Rxf5 47. b4 g5 48. Kd3 g4 49. Ke3 Bf4+ 50. Ke2 Be5 51. Ra7+ Kg6 52. Ra8 Rf4 53. Ke3 Rf3+ 54. Ke2 Kf5 55. Nc5 Rf4 0-1

[Event "*** Titled Tuesday 3|2 Blitz"]
[Site "Chess.com"]
[Date "2016.07.05"]
[Round "3"]
[White "joppie2"]
[Black "mwpchess"]
[Result "1-0"]
[WhiteElo "2525"]
[BlackElo "2407"]
[TimeControl "180+2"]
[EndTime "11:35:14 PDT"]
[Termination "joppie2 won on time"]

1. e4 c6 2. d4 d5 3. e5 Bf5 4. Nf3 e6 5. Be2 c5 6. Be3 Qb6 7. Nc3 Nc6 8. O-O Qxb2 9. Nb5 c4 10. Rb1 Qxa2 11. Nc7+ Kd8 12. Nxa8 Bxc2 13. Ra1 Bxd1 14. Rxa2 Bxe2 15. Rxe2 b5 16. Ra2 Kc8 17. Ra6 Kb7 18.
Rfa1 b4 19. Rxc6 Kxc6 20. Rxa7 b3 21. Nd2 Be7 22. Rc7+ Kb5 23. Rc8 Ka6 24. Kf1 Kb7 25. Re8 Bb4 26. Ke2 Bxd2 27. Kxd2 Nf6 28. Re7+ Kxa8 29.
exf6 Rb8 30. Kc1 gxf6 31. Bd2 Rb7 32. Re8+ Rb8 33. Re7 Rb7 34. Rxb7 Kxb7 35. Kb2 e5 36. Bc3 e4 37. Bd2 f5 38. g3 Kc6 39. Kc3 Kb5 40. Bc1 Ka4 41. Bb2 f4 42. gxf4 f5 43. Bc1 Kb5 44. h3 Ka4 45. h4 h5 46. Kb2 Kb4 47.
Bd2+ Ka4 48. Bc3 Kb5 49. Ka3 Kc6 50. Ka4 Kb6 51. Kb4 Kc6 52. Ka5 Kd6 53. Kb5 Kd7 54. Kc5 b2 55. Bxb2 1-0

[Event "*** Titled Tuesday 3|2 Blitz"]
[Site "Chess.com"]
[Date "2016.07.05"]
[Round "3"]
[White "popov_m"]
[Black "bilelou"]
[Result "1-0"]
[WhiteElo "2228"]
[BlackElo "2250"]
[TimeControl "180+2"]
[EndTime "11:35:15 PDT"]
[Termination "popov_m won by resignation"]

1. c4 e6 2. g3 d5 3. Bg2 c6 4. Nf3 f5 5. O-O Nf6 6. d3 Be7 7. Nc3 d4 8. Nb1 c5 9. b4 cxb4 10. a3 Nc6 11. axb4 Bxb4 12. Nbd2 e5 13. Nxe5 Nxe5 14.
Qa4+ Nc6 15. Bxc6+ bxc6 16. Qxb4 f4 17. Ba3 Kf7 18. Nf3 Re8 19. Qc5 Rxe2 20. Rfe1 Rxe1+ 21. Rxe1 Kg8 22. Nxd4 fxg3 23. hxg3 Bg4 24. Re7 h6 25. Qe5 Rb8 26. Bd6 Rb1+ 27. Kg2 c5 28. Qxc5 Qa8+ 29. Qc6 Qxc6+ 30. Nxc6 Rd1 31. Ne5 Bf5 32. Rxa7 Ng4 33. Nxg4 Bxg4 34. Be5 g5 35. d4 Bf5 36. Kf3 g4+ 37.
Kf4 Bd3 38. c5 Bb5 39. Kf5 Rf1 40. Kg6 Kf8 41. Ra2 Bc4 42. Rb2 Ke7 43. c6 Bd5 44.
c7 Kd7 45. Rb8 Rc1 46. Rd8+ Ke6 47. Rd6+ Ke7 48. Rxd5 1-0

[Event "*** Titled Tuesday 3|2 Blitz"]
[Site "Chess.com"]
[Date "2016.07.05"]
[Round "3"]
[White "Keaton87"]
[Black "dretch"]
[Result "1-0"]
[WhiteElo "2503"]
[BlackElo "2633"]
[TimeControl "180+2"]
[EndTime "11:35:20 PDT"]
[Termination "Keaton87 won on time"]

1. d4 d5 2. Bf4 c5 3. e3 Nc6 4. c3 Bf5 5. Qb3 Qd7 6. Nf3 e6 7. Nbd2 c4 8. Qd1 b5 9. Be2 Nf6 10. O-O Be7 11. Ne5 Nxe5 12. Bxe5 O-O 13. Bxf6 Bxf6 14.
Bg4 a5 15. Bxf5 exf5 16. Qc2 Rfc8 17. Nf3 b4 18. Ne5 Qe6 19. f4 g6 20. Rf3 Rab8 21.
Qa4 bxc3 22. bxc3 Be7 23. Rf2 f6 24. Nf3 Qc6 25. Qxc6 Rxc6 26. h3 Rcb6 27. g4 fxg4 28. hxg4 Ba3 29. Re1 Rb1 30. Re2 Rxe1+ 31. Nxe1 Rb1 32.
Kf2 Bb2 33. Rc2 a4 34. Nf3 a3 35. f5 Ra1 36. e4 dxe4 37. Nd2 Rxa2 38. Nxc4 Ra1 39. Nxb2 Ra2 40. Rc1 Rxb2+ 41. Ke3 a2 42. Ra1 gxf5 43. gxf5 h5 44. c4 Kf7 45. c5 Ke8 46. d5 h4 47. c6 h3 48. d6 Rc2 49.
Kxe4 h2 50. Kd5 Rb2 51. Ke6 Rb1 52. Rxa2 Re1+ 53. Kxf6 1-0

[Event "*** Titled Tuesday 3|2 Blitz"]
[Site "Chess.com"]
[Date "2016.07.05"]
[Round "3"]
[White "David_Klein"]
[Black "twofoxniel"]
[Result "0-1"]
[WhiteElo "2405"]
[BlackElo "2527"]
[TimeControl "180+2"]
[EndTime "11:35:24 PDT"]
[Termination "twofoxniel won by resignation"]

1. e4 d5 2. exd5 Nf6 3. d4 Bg4 4. f3 Bf5 5. Ne2 Nxd5 6. a3 e6 7. Ng3 Bg6 8. c4 Nf6 9. Nc3 Nc6 10. Be3 Bd6 11. Be2 O-O 12. O-O Bxg3 13. hxg3 a6 14. g4 Qd6 15. Qd2 Rad8 16. Rad1 h6 17. Bf2 e5 18. d5 e4 19. f4 Rfe8 20. Be3 Ne7 21. f5 Bh7 22. Bf4 Qd7 23. Qe3 Nc8 24. Qg3 Nd6 25. c5 Nb5 26. Bxb5 axb5 27. Bxc7 Rc8 28.
Bd6 e3 29. Rde1 e2 30. Rxe2 Rxe2 31. Nxe2 Nxd5 32. Nf4 Nf6 33. Re1 Qc6 34. Qf3 Qa6 35. Nd5 Nxd5 36. Qxd5 Qc6 37. Qxc6 bxc6 38. Re5 f6 39. Re7 Kh8 40. Kf2 Bg8 41. g3 Bd5 42. Ke3 Ra8 43. Bf4 Ra4 44. Kd2 Rd4+ 45. Ke3 Rc4 46.
Re8+ Kh7 47. Re7 Rxc5 48. Rc7 Rc4 49. Bd6 Rxg4 50. Kf2 Rg5 51. Bc5 Rxf5+ 52. Kg1 Rg5 53. Kh2 h5 54. Be3 Rg4 55. Bf2 Kg6 56. Rc8 Rc4 57. Kg1 Rc1+ 0-1

[Event "*** Titled Tuesday 3|2 Blitz"]
[Site "Chess.com"]
[Date "2016.07.05"]
[Round "3"]
[White "Gabrielian_Artur"]
[Black "Abrito99"]
[Result "0-1"]
[WhiteElo "2474"]
[BlackElo "2332"]
[TimeControl "180+2"]
[EndTime "11:35:32 PDT"]
[Termination "Abrito99 won on time"]

1. e4 e6 2. d4 d5 3. Bd3 dxe4 4. Bxe4 Nf6 5. Bf3 Nbd7 6. Ne2 e5 7. Nbc3 Bd6 8. O-O O-O 9. Bg5 h6 10. Bh4 g5 11.
Bg3 Re8 12. dxe5 Nxe5 13. Bxe5 Bxe5 14. g3 Bf5 15. Qc1 c6 16. Rd1 Qc7 17. Nd4 Bg6 18. Bg2 Rad8 19. Nf3 Bxc3 20. bxc3 Nd5 21. Qa3 Bxc2 22.
Rd2 Be4 23. Rad1 Nf6 24. Qxa7 Rxd2 25. Rxd2 Bxf3 26. Bxf3 Re1+ 27. Kg2 g4 28. Bd1 Qe5 29.
Rd4 c5 30. Rd8+ Kg7 31. Qa4 Qh5 32.
h4 gxh3+ 33. Kh2 Qf5 34. Qf4 Qxf4 35. gxf4 Ne4 36. Bf3 Nxc3 37. Bxb7 Nxa2 38. Rc8 Rc1 39. Rc7 Nb4 40. Bc8 Kf6 41. Bxh3 c4 42. Bg4 c3 43. Bh5 c2 44. Rxf7+ Ke6 45. Rc7 Rb1 46. f5+ Kxf5 47. Rf7+ Ke6 0-1

[Event "*** Titled Tuesday 3|2 Blitz"]
[Site "Chess.com"]
[Date "2016.07.05"]
[Round "3"]
[White "yopino"]
[Black "GeorgMeier"]
[Result "1-0"]
[WhiteElo "2385"]
[BlackElo "2683"]
[TimeControl "180+2"]
[EndTime "11:35:50 PDT"]
[Termination "yopino won by resignation"]

1. e4 e6 2. d4 d5 3. Nd2 dxe4 4. Nxe4 Nd7 5. Nf3 Ngf6 6. Nxf6+ Nxf6 7. Bd3 c5 8. Be3 Qc7 9. Qe2 a6 10. O-O b6 11.
Rad1 Bb7 12. dxc5 Bxc5 13. Bxc5 Qxc5 14. c3 O-O 15. Ne5 Rfd8 16. Bc2 h6 17. Rfe1 Rac8 18. a4 Qc7 19. f3 Qc5+ 20. Kh1 Qc7 21. Kg1 a5 22. Qe3 Nd5 23. Qe4 Nf6 24. Qe3 Kf8 25.
Kh1 Nd5 26. Qd3 Nf6 27. Qe3 Ba6 28.
Bb3 Rxd1 29. Rxd1 Rd8 30. Rxd8+ Qxd8 31. g3 Qd6 32. Kg2 Ke7 33. Bc4 Bb7 34. Bb5 Bd5 35.
Qd4 Qc5 36. Qxc5+ bxc5 37. Kf2 g5 38. Ke3 Nh7 39. Bc4 f6 40. Bxd5 fxe5 41. Be4 Nf6 42. Kd3 Kd6 43. Kc4 g4 44. Kb5 gxf3 45. Bxf3 e4 46.
Be2 e3 47. Kxa5 Ne4 48. Kb5 Kd5 49. Bf3 Ke5 50. a5 Nd6+ 51. Kxc5 Ne4+ 52. Kc4 Nd2+ 53. Kd3 Nxf3 54. Kxe3 Nxh2 55. a6 Ng4+ 56. Ke2 Kd6 57. a7 1-0

[Event "*** Titled Tuesday 3|2 Blitz"]
[Site "Chess.com"]
[Date "2016.07.05"]
[Round "3"]
[White "Wolverine_master"]
[Black "rithwik2002"]
[Result "0-1"]
[WhiteElo "2028"]
[BlackElo "1900"]
[TimeControl "180+2"]
[EndTime "11:36:03 PDT"]
[Termination "rithwik2002 won by resignation"]

1. e4 e5 2. Nf3 Nc6 3. d4 exd4 4. Bc4 Nf6 5. e5 d5 6. Bb5 Ne4 7. Nxd4 Bc5 8. Bxc6+ bxc6 9. O-O Ba6 10. Re1 Nxf2 11. Kxf2 Qh4+ 12. Kg1 Bxd4+ 13. Kh1 Bf2 14. Rf1 Bxf1 15.
Qxf1 Bg3 16. h3 Bxe5 17. Nd2 O-O 18. Nf3 Qe4 19. Bd2 Bxb2 20. Re1 Qxc2 21. Re7 Bc3 22. Bf4 Ba5 23. Ne5 Rae8 24. Rd7 Qf5 25. g4 Qxd7 26. Nxd7 Re1 27. Qxe1 Bxe1 28. Nxf8 Kxf8 29. Bxc7 Ke7 30. Kg2 Bb4 31. Kf3 Bc5 32. h4 f6 33. h5 Bd6 34. Ba5 c5 35. Bc3 Ke6 36. a4 d4 37. Bd2 Kd5 38. a5 c4 39. Ke2 a6 40. g5 c3 41. Bc1 Kc4 42. h6 d3+ 43. Kd1 gxh6 44. gxf6 d2 45. Bxd2 cxd2 46. Kxd2 Kd5 47. Kd3 Ke6 48. Kd4 Bc7 49. Ke4 Bxa5 50. f7 Kxf7 51. Kf5 Bd8 52. Kg4 a5 53. Kh5 a4 54. Kg4 a3 55. Kh5 a2 56. Kg4 a1=Q 57.
Kh5 Qe5+ 58. Kg4 Qg5+ 59. Kh3 h5 60. Kh2 Bc7+ 61. Kh1 Qh4+ 62. Kg2 Qg3+ 63. Kf1 Bf4 64. Ke2 Qe3+ 65. Kf1 h4 66. Kg2 Qg3+ 67. Kf1 h3 68.
Ke2 Be3 69. Kd1 h2 70. Kc2 Bd4 71. Kd2 h1=Q 72. Ke2 Qhh2+ 0-1

[Event "*** Titled Tuesday 3|2 Blitz"]
[Site "Chess.com"]
[Date "2016.07.05"]
[Round "3"]
[White "MaestroASK"]
[Black "Semetey"]
[Result "1-0"]
[WhiteElo "2488"]
[BlackElo "2442"]
[TimeControl "180+2"]
[EndTime "11:36:15 PDT"]
[Termination "MaestroASK won by checkmate"]

1. g3 g6 2. d3 Bg7 3. c3 d5 4. Bg2 Nf6 5. e4 dxe4 6. dxe4 Qxd1+ 7. Kxd1 O-O 8. f3 Nc6 9. Nd2 Be6 10. Bh3 Rad8 11.
Bxe6 fxe6 12. Ke2 Ne5 13. Nh3 Bh6 14. Nb3 Bxc1 15. Raxc1 Nc4 16. Rc2 e5 17. Nc5 Rd6 18. b3 Na5 19. Rd1 b6 20. Na6 c5 21.
Rcd2 Rfd8 22. Nc7 h6 23. Rxd6 exd6 24. Nb5 Nb7 25. Rd2 a6 26. Nc7 a5 27. Nf2 Kf7 28.
a4 Ke7 29. Ng4 Nxg4 30. Nd5+ Kd7 31. fxg4 Kc6 32. Ne7+ Kd7 33. Nxg6 Ke6 34. Nh4 Rg8 35. Kf3 c4 36. b4 axb4 37. cxb4 Ra8 38. Ra2 Nd8 39. Nf5 Nc6 40. Rd2 Rd8 41. b5 Na5 42. Nxh6 Nb3 43. Rd1 Nd4+ 44. Ke3 Ra8 45. Nf5 Rxa4 46.
Nxd4+ exd4+ 47. Rxd4 Ra3+ 48. Kf4 c3 49. Rc4 Rb3 50.
h4 Rxb5 51. Rxc3 Rb4 52. Rd3 b5 53. g5 Rb1 54. h5 Rf1+ 55. Kg4 b4 56. Rb3 Re1 57.
Rxb4 Ke5 58. g6 Rh1 59. g7 d5 60. exd5 Rg1 61. g8=Q Rxg3+ 62. Kxg3 Kd6 63. Qf8+ Ke5 64. Qf4+ Kxd5 65. Qe4+ Kd6 66. Rd4+ Kc5 67. Qe5+ Kb6 68. Rd6+ Kc7 69. Qe7+ Kb8 70. Rd8# 1-0